AoeStats
← 小尚

African Clearing

510365682Analyzed
4v4 RM · 1d ago on Sep 30, 2026· 48m 39s· 8 players
Game mode
Random Map
Map size
Large (8 player)
Population
200
Speed
Normal
Resources
Standard
Victory
Conquest
Starting age
Dark Age
Ending age
Imperial Age
RankedLock teamsTeams togetherTeam positionsShared explorationLock speedFull tech treeHidden civsTurbo modeCheats
Victory
Defeat
🇩🇪 Bulgarians · Germany
1218
+15
🇫🇷 Koreans · France
1187
+16
🇨🇳 Saracens · China
1187
+16
🇹🇷 Saxons · Türkiye
1184
+16
1229
-16
🇳🇱 Italians · Netherlands
1208
-17
🇲🇽 Aztecs · Mexico
1173
-15
🇺🇸 Wei · United States
1167
-15
yenese
14:58 Feudal Age
16:03 Double-Bit Axe
15:59 Horse Collar
18:55 Castle Age
19:29 Loom
20:11 Bow Saw
20:02 Heavy Plow
26:15 Scale Mail Armor
27:49 Squires
31:33 Wheelbarrow
30:53 Arson
31:24 Chain Mail Armor
31:19 Forging
34:29 Imperial Age
34:21 Iron Casting
33:34 Gambesons
34:54 Hand Cart
34:44 Elite Varangian Guard
35:19 Capped Ram
36:30 Town Watch
36:26 Shield Wall
37:57 Siege Ram
45:22 Plate Mail Armor
No Drama Lama
10:35 Loom
12:51 Feudal Age
13:17 Double-Bit Axe
19:17 Castle Age
18:10 Forging
20:07 Bloodlines
19:53 Light Cavalry
22:22 Bow Saw
30:33 Fletching
31:42 Wheelbarrow
32:23 Town Watch
33:02 Scale Barding Armor
34:26 Chain Barding Armor
34:35 Husbandry
37:11 Imperial Age
35:10 Gold Mining
36:39 Iron Casting
36:05 Stirrups
36:26 Town Patrol
36:40 Horse Collar
37:38 Onager
38:57 Plate Barding Armor
39:14 Conscription
39:16 Town Patrol
39:00 Capped Ram
40:54 Ballistics
41:35 Chemistry
41:27 Siege Ram
43:05 Illumination
46:09 Hussar
47:11 Cavalier
48:53 Blast Furnace
Von
4:01 Loom
15:10 Feudal Age
15:42 Double-Bit Axe
23:29 Castle Age
21:24 Stone Mining
21:45 Gold Mining
22:26 Fletching
25:10 Crossbowman
28:39 Horse Collar
30:40 Wheelbarrow
37:38 Hand Cart
37:36 Masonry
37:33 Bodkin Arrow
38:35 Treadmill Crane
42:49 Imperial Age
41:08 Gold Shaft Mining
43:08 Ballistics
43:12 Bow Saw
43:54 Conscription
44:49 Chemistry
45:01 Two-Man Saw
46:47 Siege Engineers
46:18 Capped Ram
47:25 Elite Fire Lancer
48:27 Bracer
48:30 Scale Mail Armor
48:41 Forging
48:39 Thumb Ring
小尚
7:15 Loom
12:02 Feudal Age
12:32 Double-Bit Axe
19:25 Castle Age
18:35 Scale Barding Armor
19:18 Forging
19:40 Bloodlines
22:20 Chain Barding Armor
22:42 Bow Saw
23:10 Horse Collar
28:52 Wheelbarrow
34:17 Husbandry
40:55 Imperial Age
38:54 Ballistics
41:46 Imperial Age
40:15 Iron Casting
42:59 Elite Mameluke
Bezerker
11:30 Loom
14:00 Feudal Age
17:53 Castle Age
20:31 Double-Bit Axe
22:00 Horse Collar
29:07 Imperial Age
27:04 Bow Saw
27:54 Wheelbarrow
27:21 Gold Mining
30:52 Chemistry
31:33 Two-Man Saw
31:33 Stone Mining
31:50 Padded Archer Armor
34:13 Leather Archer Armor
34:13 Fletching
36:04 Pirotechnia
38:36 Conscription
38:14 Bodkin Arrow
38:14 Town Watch
41:19 Bracer
42:47 Stone Shaft Mining
41:45 Elite Genoese Crossbowman
44:19 Hoardings
43:46 Murder Holes
44:02 Masonry
44:13 Ballistics
44:27 Hand Cart
44:13 Town Patrol
46:00 Arson
46:16 Squires
46:22 Bracer
46:53 Ring Archer Armor
46:29 Scale Barding Armor
46:34 Forging
46:35 Heavy Plow
48:44 Scale Mail Armor
Barney_Rubble巴尼·鲁布尔
2:48 Loom
11:19 Feudal Age
12:40 Wheelbarrow
11:53 Double-Bit Axe
14:07 Horse Collar
21:13 Scale Mail Armor
21:14 Padded Archer Armor
33:06 Castle Age
32:02 Scale Barding Armor
32:10 Forging
33:44 Bloodlines
33:27 Fletching
33:38 Padded Archer Armor
33:13 Light Cavalry
34:11 Hand Cart
34:09 Bow Saw
37:05 Chain Barding Armor
37:48 Iron Casting
39:58 Gold Mining
44:09 Imperial Age
41:59 Town Watch
49:08 Two-Man Saw
SheepishBump670
12:43 Loom
15:01 Feudal Age
22:01 Castle Age
22:40 Forging
22:33 Scale Mail Armor
23:25 Wheelbarrow
22:55 Double-Bit Axe
22:59 Eagle Warrior
23:51 Gold Mining
31:57 Stone Mining
42:22 Imperial Age
45:22 Imperial Age
siege marine
5:49 Loom
15:18 Feudal Age
17:33 Double-Bit Axe
20:05 Castle Age
18:19 Gold Mining
19:46 Bloodlines
21:36 Husbandry
31:57 Scale Barding Armor
32:01 Pikeman
34:54 Forging
38:16 Wheelbarrow
40:43 Bow Saw
43:15 Hand Cart
42:52 Fletching
43:38 Iron Casting
46:18 Ballistics
46:09 Masonry
46:26 Bodkin Arrow
Connection lost

Rejoining the realm…

Still unreachable

The connection could not be restored.

Session expired

The server has moved on; the page needs a fresh start.